Map: Kairos Junction LE

Players

SapoNoche

  • Race: Terran Terran
  • League: Master
  • Spawn Location: 11:00

jimtoni - Winner!

  • Race: Terran Terran
  • League: Grandmaster
  • Spawn Location: 5:00

VOD

Have the link to the VOD?

Description

Time

  • Played on: Dec. 3, 2018, 1:46 a.m.
  • Length: 9:56
Show
View Real Time Build Order
Export as new Build Order

SapoNoche Terran 

Build Orders: Gas First Reaper Expand 

Get SALT Encoding   

  12  0:00  SCV  
  13  0:13  SCV  
  14  0:17  Supply Depot  
  14  0:25  SCV  
  14  0:28  Refinery  
  15  0:39  SCV  
  16  0:44  Barracks  
  16  0:51  SCV  
  17  1:03  SCV  
  18  1:15  SCV  
  19  1:31  Orbital Command, Reaper  
  20  1:46  Command Center  
  20  1:58  Supply Depot  
  20  1:59  SCV  
  21  2:03  Reaper  
  22  2:14  Factory  
  22  2:15  SCV  
  23  2:20  Refinery  
  23  2:27  SCV  
  24  2:37  Barracks Reactor  
  24  2:38  Bunker  
  24  2:39  SCV  
  24  2:51  SCV  
  24  2:57  Hellion  
  24  2:58  Orbital Command  
  27  3:03  SCV  
  27  3:14  Starport  
  27  3:21  SCV  
  27  3:26  Hellion x2, Barracks Tech Lab  
  32  3:29  SCV  
  33  3:35  SCV  
  33  3:41  SCV  
  35  3:47  Hellion x2, SCV  
  38  3:59  Raven  
  38  4:02  SCV x2  
  46  4:10  Hellion x2  
  46  4:21  Supply Depot  
  46  4:23  SCV x2  
  48  4:33  Hellion  
  48  4:34  Hellion  
  48  4:35  SCV x2  
  49  4:47  SCV  
  49  4:51  SCV  
  51  4:59  SCV  
  51  5:01  Marine  
  51  5:03  Hellion, SCV  
  53  5:10  Hellion  
  55  5:20  Raven  
  57  5:22  SCV  
  57  5:24  SCV  
  59  5:29  Supply Depot  
  59  5:30  Supply Depot  
  59  5:36  Barracks Reactor  
  59  5:38  Barracks  
  59  5:40  Factory Tech Lab  
  59  5:46  Command Center  
  59  5:50  SCV  
  59  5:52  SCV  
  59  5:55  Refinery x2  
  61  5:59  Siege Tank  
  64  6:06  Barracks x2  
  64  6:15  Engineering Bay, SCV  
  64  6:16  Engineering Bay, Supply Depot  
  64  6:18  Refinery x2  
  65  6:21  SCV  
  65  6:23  Marine, Stimpack  
  67  6:29  SCV  
  67  6:31  Siege Tank  
  66  6:33  SCV  
  61  6:41  Marine, SCV  
  61  6:45  SCV  
  64  6:51  Terran Infantry Weapons Level 1, Terran Infantry Armor Level 1  
  64  6:53  SCV  
  65  6:55  Barracks Reactor  
  65  6:57  SCV  
  65  6:59  Marine  
  67  7:05  SCV  
  67  7:08  Medivac  
  70  7:09  Medivac  
  70  7:11  SCV  
  73  7:17  Marine  
  73  7:20  Barracks Reactor  
  73  7:22  Barracks  
  74  7:23  SCV  
  74  7:26  Barracks  
  74  7:28  SCV  
  76  7:32  Marine x2  
  76  7:35  Marine, SCV  
  76  7:37  Siege Tank  
  77  7:40  Medivac x2, SCV  
  82  7:47  SCV  
  82  7:48  Orbital Command  
  82  7:50  Marine x2  
  85  7:52  SCV  
  86  7:59  SCV  
  86  8:04  SCV  
  88  8:08  Sensor Tower  
  88  8:09  Marine x2, Siege Tank  
  88  8:11  SCV  
  94  8:14  Barracks Reactor  
  94  8:15  Barracks Reactor  
  94  8:16  SCV  
  94  8:18  Refinery  
  94  8:19  Refinery  
  95  8:20  Marine x2  
  95  8:21  Medivac  
  95  8:23  Combat Shield  
  95  8:25  SCV  
  100  8:29  Marine  
  100  8:34  Marine x2, Supply Depot  
  101  8:35  Supply Depot x2  
  101  8:36  Supply Depot  
  103  8:43  Missile Turret  
  102  8:49  SCV  
  102  8:51  SCV  
  99  8:56  Marine x3, Marauder  
  85  9:03  Marine x2  
  85  9:04  Marine x3  
  85  9:08  Siege Tank  
  87  9:13  Marine  
  85  9:17  Marine x2  
  85  9:18  Marauder  
  85  9:21  Marine x2  
  85  9:22  Marine  
  85  9:23  Marine x2  
  80  9:31  Marine  
  80  9:34  Marine  
  80  9:35  Marine  
Show
View Real Time Build Order
Export as new Build Order

jimtoni Terran - Winner!

Build Orders: Cyclone Opening 

Get SALT Encoding   

  12  0:00  SCV  
  13  0:12  SCV  
  14  0:18  Supply Depot  
  14  0:28  Refinery  
  14  0:29  SCV  
  15  0:41  SCV  
  16  0:45  Barracks  
  16  0:53  SCV  
  16  0:55  Refinery  
  17  1:05  SCV  
  18  1:17  SCV  
  19  1:32  Barracks Reactor, Orbital Command  
  19  1:37  Factory  
  19  1:47  Supply Depot  
  19  1:58  SCV  
  20  2:08  Reaper x2  
  22  2:10  SCV  
  23  2:20  Factory Tech Lab  
  23  2:22  SCV  
  24  2:34  Supply Depot  
  24  2:40  Cyclone, Reaper x2  
  24  2:44  SCV  
  30  2:56  SCV  
  31  3:05  Supply Depot  
  31  3:08  SCV  
  31  3:12  Cyclone, Reaper x2  
  37  3:20  SCV  
  38  3:32  SCV  
  39  3:34  Command Center  
  39  3:44  Cyclone  
  39  3:46  SCV  
  43  4:01  Reaper  
  43  4:02  Reaper  
  44  4:03  SCV  
  45  4:15  SCV  
  46  4:21  Supply Depot  
  46  4:25  Barracks  
  46  4:27  Barracks  
  46  4:30  SCV  
  47  4:43  Cyclone, SCV, Reaper x2  
  53  4:55  Orbital Command, SCV  
  54  5:02  Refinery  
  54  5:07  SCV  
  54  5:11  Refinery  
  54  5:13  Barracks Tech Lab  
  55  5:14  Barracks Tech Lab  
  55  5:15  Siege Tank  
  55  5:17  Marine x2  
  55  5:19  SCV  
  61  5:21  SCV  
  62  5:31  SCV  
  62  5:33  SCV  
  64  5:49  SCV x2  
  66  5:54  Marine x4  
  66  5:56  Combat Shield, Stimpack  
  70  5:59  Supply Depot  
  70  6:02  Supply Depot  
  70  6:15  Engineering Bay  
  70  6:17  Engineering Bay  
  70  6:18  Starport  
  70  6:21  Marine x3, Siege Tank, SCV x2  
  70  6:22  Supply Depot  
  76  6:33  SCV x2  
  76  6:39  Marine x2  
  74  6:41  Marauder x2  
  74  6:42  Supply Depot  
  74  6:43  Terran Infantry Weapons Level 1, Terran Infantry Armor Level 1  
  74  6:45  SCV  
  78  6:53  SCV  
  79  6:55  Barracks  
  79  6:56  Barracks  
  79  6:57  SCV  
  79  6:59  Starport Reactor, Siege Tank  
  83  7:02  Marine x2  
  83  7:04  Marine x2  
  87  7:10  Supply Depot, SCV  
  87  7:14  Concussive Shells  
  88  7:22  Marine x2  
  90  7:23  Marauder x2  
  94  7:33  Siege Tank  
  94  7:36  Supply Depot  
  97  7:40  Medivac x2  
  97  7:43  Barracks Reactor x2  
  97  7:44  Marine x2  
  103  7:51  Marine x2  
  103  7:56  Armory  
  105  7:59  Command Center  
  105  8:01  Marine  
  105  8:02  Marine  
  105  8:05  Supply Depot  
  107  8:07  Siege Tank  
  107  8:09  Marine x2  
  112  8:18  Medivac x2  
  112  8:19  Marine x2  
  118  8:27  Marine x2  
  118  8:28  SCV x2  
  118  8:29  Supply Depot  
  118  8:33  Marine x4  
  126  8:50  Marine x4, Siege Tank  
  126  8:51  Marine x2  
  126  8:53  Marine x2  
  113  9:08  Marine x4  
  113  9:09  Marine x2  
  116  9:10  Marine  
  116  9:14  Marine  
  118  9:22  Siege Tank  
  114  9:26  Marine x3  
  117  9:33  Marine x4  
  117  9:34  Marine  
Tags
 
Add a new tag
Caveats
  • Supply blocks, unpowered buildings, or Contaminate may cause inaccurate times.
  • Supply counts are checked every 10 seconds.